 Dungeon Crawl Stone Soup version 0.31-a0-193-gdfe2569204 (webtiles) character file.

Game seed: 4888217648410899933

17 qw the Shooter (level 2, 0/16 HPs)
             Began as a Deep Elf Hunter on June 24, 2023.
             Slain by an adder (1 damage)
             ... on level 1 of the Dungeon.
             The game lasted 00:00:13 (794 turns).

qw the Shooter (Deep Elf Hunter)                     Turns: 794, Time: 00:00:13

Health: 0/16       AC:  6    Str:  8    XL:     2   Next: 44%
Magic:  4/4        EV: 10    Int: 13    God:
Gold:   43         SH:  0    Dex: 18    Spells: 1/1 levels left

rFire   . . .        Y - +0 shortbow
rCold   . . .        (shield currently unavailable)
rNeg    . . .        f - +0 ring mail
rPois   .            d - +0 helmet
rElec   .            (no cloak)
rCorr   .            (no gloves)
SInv    .            (no boots)
Will    .....        (no amulet)
Stlth   +            (no ring)
HPRegen 0.22/turn    (no ring)
MPRegen 0.09/turn

%: no passive effects
@: about to teleport
A: no striking features
a: no special abilities


You were on level 1 of the Dungeon.
You visited 1 branch of the dungeon, and saw 2 of its levels.

You collected 43 gold pieces.


   Skills:
 - Level 1.5 Fighting
 + Level 6.2 Ranged Weapons
 - Level 2.4 Dodging
 - Level 1.2 Stealth


You had one spell level left.
You didn't know any spells.
Your spell library was empty.

Inventory:

Hand Weapons
 Y - a +0 shortbow (weapon)
Armour
 d - a +0 helmet (worn)
 f - a +0 ring mail (worn)
Potions
 g - a potion of degeneration {unknown}
 h - a potion of brilliance {unknown}
 i - a potion of heal wounds {unknown}
 k - a potion of mutation {unknown}
 l - a potion of lignification {unknown}
 m - a potion of berserk rage {unknown}

Dungeon Overview and Level Annotations

Branches:
Dungeon (2/15)

Altars:


Message History

You shoot an arrow. The arrow hits the adder.
The adder is moderately wounded.
The adder closely misses you.
A frilled lizard comes into view.
The adder bites you. The goblin barely misses you.
You shoot an arrow. The frilled lizard hisses angrily.
The arrow hits the adder.
The adder is heavily wounded.
The adder misses you.
The endoplasm hits you but does no damage.
The goblin hits you with a +0 club. The adder closely misses you.
788 ||| STAIRDANCE The endoplasm hits you but does no damage.
The goblin closely misses you. The adder bites you but does no damage.
You climb upwards.
There is a stone staircase leading down here.
You shoot an arrow. The arrow hits the adder.
The adder is severely wounded.
The adder closely misses you. The endoplasm freezes you.
You are frozen.
The goblin hits you with a +0 club. The adder bites you but does no damage.
The endoplasm closely misses you. The goblin hits you but does no damage.
You shoot an arrow. The arrow closely misses the adder.
The adder bites you but does no damage. The endoplasm misses you.
The goblin hits you but does no damage.
You shoot an arrow. The arrow closely misses the adder.
The adder barely misses you. The endoplasm closely misses you.
The goblin hits you with a +0 club. The adder bites you.
You shoot an arrow. The arrow misses the adder.
The adder bites you but does no damage. The endoplasm freezes you.
You are frozen.
The goblin barely misses you. The adder barely misses you.
794 ||| READING scroll of teleportation.
As you read the scroll of teleportation, it crumbles to dust.
You feel strangely unstable. The goblin closely misses you.
The endoplasm closely misses you. The adder bites you.
You die...

#.....#######.#..# #.
#................## ##
#.....#######.#...## #
#.............#.#..# #
#....#######....##.##
#.#.## #...###..##
#?...#######...##.#..#
#...g.....##.....##...
#....@###.##...###..#.
#...SJ# #..........###
#####.###.###.####..#.
#.....# #.####....
###.### #.....#.## #.#
#####.##.. #.# #.####
#.# #.# # #.# ##.## #


You could see an adder, an endoplasm and a goblin.

Vanquished Creatures
  A dart slug (D:1)
  2 ball pythons (D:1)
  A giant cockroach (D:1)
  A goblin (D:1)
  A hobgoblin (D:1)
  2 kobolds (D:1)
  2 quokkas (D:1)
  2 bats (D:1)
  2 rats
14 creatures vanquished.

Notes
Turn   | Place    | Note
-------+----------+-------------------------------------------
     0 | D:1      | qw the Deep Elf Hunter began the quest for the Orb.
     0 | D:1      | Reached XP level 1. HP: 12/12 MP: 3/3
     0 | D:1      | 0 ||| qw: Version: 0.3-a-9-g12657ce
     0 | D:1      | 0 ||| qw: Game counter: 4710
     0 | D:1      | 0 ||| qw: Always use a shield: true
     0 | D:1      | 0 ||| qw: God list: Okawaru
     0 | D:1      | 0 ||| qw: Allow faded altars: false
     0 | D:1      | 0 ||| qw: Do Orc after D:15 true
     0 | D:1      | 0 ||| qw: Do second Lair branch before Depths: true
     0 | D:1      | 0 ||| qw: Lair rune preference: random
     0 | D:1      | 0 ||| qw: Plans: Normal
     0 | D:1      | 0 ||| PLANNING D:1-11
   198 | D:1      | Reached XP level 2. HP: 16/16 MP: 4/4
   221 | D:1      | Reached skill level 6 in Ranged Weapons
   654 | D:1      | 654 ||| UPGRADING to +0 helmet.
   659 | D:1      | 659 ||| UPGRADING to +0 ring mail.
   669 | D:1      | 669 ||| DROPPING +0 leather armour.
   670 | D:1      | 670 ||| READING 2 scrolls labelled VAPNYODGH YDIM FENK.
   674 | D:1      | 674 ||| READING scroll labelled NECZUCL UPRI.
   775 | D:1      | 775 ||| DROPPING scroll of butterflies.
   788 | D:2      | 788 ||| STAIRDANCE
   793 | D:1      | HP: 1/16 [frozen (4)]
   794 | D:1      | 794 ||| READING scroll of teleportation.
   794 | D:1      | Slain by an adder

Levels and vault maps discovered:
D:1:      arrival_zaba_pyramid, layout_loops_ring, minmay_misc_feat_tiny,
          minmay_misc_feat_nine_boxes
D:2:      layout_basic, shapermc_ecumenical_altar_rom_forum

Skill      XL: |  1  2 |
---------------+-------+-----
Ranged Weapons | 6 |  6.2
Fighting       | |  1.5
Dodging        | |  2.4
Stealth        | |  1.2

Action                     || total
---------------------------++-------
   Fire: Shortbow          ||    42
    Use: Scroll            ||     3
 Armour: Leather armour    ||     1
         Ring mail         ||     8
  Dodge: Dodged            ||    29

Table legend:
 A = Non-vault XP
 B = Vault XP
 C = Vault XP percentage of total XP
 D = Non-vault monster count
 E = Vault monster count
 F = Vault count percentage of total count
                 A         B        C        D         E       F
            +---------+---------+-------+---------+---------+-------
      Total |      25 |       0 |   0.0 |      14 |       0 |   0.0
            +---------+---------+-------+---------+---------+-------
        D:1 |      24 |       0 |   0.0 |      13 |       0 |   0.0
        D:2 |       1 |       0 |   0.0 |       1 |       0 |   0.0
            +---------+---------+-------+---------+---------+-------
